BSA
HENDERSONVILLE HITMEN @ BAFFIN ISLAND BEAVERS
09/05/2025
 
TOP OF THE 1ST
Hendersonville Hitmen batting - Pitching for Baffin Island Beavers : RHP Robert Reeves
Pitching: RHP Robert Reeves
Batting: RHB Junior Vargas 0-0: Bunt missed!
0-1: Swinging Strike
0-2: Strikes out looking
Batting: RHB Felipe Rivera 0-0: SINGLE (Line Drive, 34)
Batting: RHB Manolo Román 0-0: Ball
1-0: Foul Ball, location: 2F
1-1: Foul Ball, location: 2F
1-2: Ball
2-2: SINGLE (Groundball, 56)
Felipe Rivera to second
Batting: LHB Tony Abete 0-0: Ball
1-0: Foul Ball, location: 2F
1-1: Ball
2-1: Swinging Strike
2-2: Foul Ball, location: 2F
2-2: Strikes out swinging
Batting: SHB Tony López 0-0: Called Strike
0-1: Swinging Strike
0-2: Ball
1-2: Ball
2-2: Strikes out swinging
Top of the 1st over - 0 run(s), 2 hit(s), 0 error(s), 2 left on base; Hendersonville 0 - Baffin Island 0
BOTTOM OF THE 1ST
Baffin Island Beavers batting - Pitching for Hendersonville Hitmen : RHP Samuel Émond
Pitching: RHP Samuel Émond
Batting: LHB Chris Bates 0-0: Foul Ball, location: 2F
0-1: Ball
1-1: Ground out 4-3 (Groundball, 4)
Batting: LHB Jeff Cole 0-0: Foul Ball, location: 2F
0-1: Foul Ball, location: 2F
0-2: Ground out U3 (Groundball, 3L)
Batting: SHB Alonso Ferreira 0-0: Called Strike
0-1: SOLO HOME RUN (Flyball, 8LXD) (Inside the Park)
Batting: RHB Tony Morton 0-0: Ball
1-0: Ground out 4-3 (Groundball, 34)
Bottom of the 1st over - 1 run(s), 1 hit(s), 0 error(s), 0 left on base; Hendersonville 0 - Baffin Island 1
TOP OF THE 2ND
Hendersonville Hitmen batting - Pitching for Baffin Island Beavers : RHP Robert Reeves
Batting: LHB Jerry Johnston 0-0: Swinging Strike
0-1: Ball
1-1: Called Strike
1-2: Strikes out swinging
Batting: LHB Enrique Nalasco 0-0: Foul Ball, location: 2F
0-1: Foul Ball, location: 2F
0-2: Ball
1-2: Ball
2-2: Strikes out looking
Batting: RHB Robert Buckley 0-0: Ball
1-0: Swinging Strike
1-1: Ball
2-1: Ball
3-1: Base on Balls
Batting: RHB Taylor McFarland 0-0: Foul Ball, location: 2F
0-1: Foul Ball, location: 2F
0-2: Ground out 4-3 (Groundball, 4)
Top of the 2nd over - 0 run(s), 0 hit(s), 0 error(s), 1 left on base; Hendersonville 0 - Baffin Island 1
BOTTOM OF THE 2ND
Baffin Island Beavers batting - Pitching for Hendersonville Hitmen : RHP Samuel Émond
Batting: LHB Mario García 0-0: Foul Ball, location: 2F
0-1: Ground out 4-3 (Groundball, 4)
Batting: LHB Lorenzo Villa 0-0: Ball
1-0: Foul Ball, location: 2F
1-1: Ball
2-1: Foul Ball, location: 2F
2-2: Ball
3-2: Foul Ball, location: 2F
3-2: Ground out 1-3 (Groundball, 15S)
Batting: LHB Keng-chi Lao 0-0: Called Strike
0-1: SINGLE (Groundball, 34)
Batting: RHB Mario López 0-0: Called Strike
0-1: Swinging Strike
0-2: Fly out, F8 (Flyball, 78M)
Bottom of the 2nd over - 0 run(s), 1 hit(s), 0 error(s), 1 left on base; Hendersonville 0 - Baffin Island 1
TOP OF THE 3RD
Hendersonville Hitmen batting - Pitching for Baffin Island Beavers : RHP Robert Reeves
Batting: RHB Junior Vargas 0-0: Ball
1-0: Called Strike
1-1: Swinging Strike
1-2: Strikes out swinging
Batting: RHB Felipe Rivera 0-0: Foul Ball, location: 2F
0-1: Ball
1-1: Foul Ball, location: 2F
1-2: Fly out, F7 (Flyball, 78S)
Batting: RHB Manolo Román 0-0: Called Strike
0-1: Foul Ball, location: 2F
0-2: Foul Ball, location: 2F
0-2: Strikes out swinging
Top of the 3rd over - 0 run(s), 0 hit(s), 0 error(s), 0 left on base; Hendersonville 0 - Baffin Island 1
BOTTOM OF THE 3RD
Baffin Island Beavers batting - Pitching for Hendersonville Hitmen : RHP Samuel Émond
Batting: RHB Dexter Potter 0-0: Ball
1-0: Ball
2-0: Ball
3-0: Called Strike
3-1: Called Strike
3-2: Foul Ball, location: 2F
3-2: Strikes out swinging
Batting: LHB Chris Bates 0-0: Called Strike
0-1: SOLO HOME RUN (Flyball, 9LD), Distance : 369 ft
Batting: LHB Jeff Cole 0-0: Foul Ball, location: 2F
0-1: Ball
1-1: Called Strike
1-2: Ball
2-2: Ball
3-2: Foul Ball, location: 2F
3-2: Foul Ball, location: 2F
3-2: Fly out, F7 (Flyball, 78D)
Batting: SHB Alonso Ferreira 0-0: Ground out 1-3 (Groundball, 23)
Bottom of the 3rd over - 1 run(s), 1 hit(s), 0 error(s), 0 left on base; Hendersonville 0 - Baffin Island 2
TOP OF THE 4TH
Hendersonville Hitmen batting - Pitching for Baffin Island Beavers : RHP Robert Reeves
Batting: LHB Tony Abete 0-0: Ball
1-0: Called Strike
1-1: SOLO HOME RUN (Flyball, 9LD), Distance : 382 ft
Batting: SHB Tony López 0-0: Ball
1-0: Foul Ball, location: 2F
1-1: Ball
2-1: Ball
3-1: Fly out, F8 (Flyball, 8LXD)
Batting: LHB Jerry Johnston 0-0: Called Strike
0-1: Foul Ball, location: 2F
0-2: Ball
1-2: Ball
2-2: Foul Ball, location: 2F
2-2: Strikes out swinging
Batting: LHB Enrique Nalasco 0-0: Ball
1-0: Called Strike
1-1: Ball
2-1: SINGLE (Groundball, 34D)
Batting: RHB Robert Buckley 0-0: Ball
1-0: Called Strike
1-1: Ball
Enrique Nalasco steals 2nd base
2-1: 2-RUN HOME RUN (Flyball, 7D), Distance : 418 ft
Batting: RHB Taylor McFarland 0-0: Ball
1-0: Ball
2-0: DOUBLE (Groundball, 5L)
Batting: RHB Junior Vargas 0-0: Called Strike
0-1: Ball
1-1: Ball
2-1: Ball
3-1: Called Strike
3-2: Strikes out looking
Top of the 4th over - 3 run(s), 4 hit(s), 0 error(s), 1 left on base; Hendersonville 3 - Baffin Island 2
BOTTOM OF THE 4TH
Baffin Island Beavers batting - Pitching for Hendersonville Hitmen : RHP Samuel Émond
Batting: RHB Tony Morton 0-0: Foul Ball, location: 2F
0-1: Ground out 4-3 (Groundball, 4)
Batting: LHB Mario García 0-0: Ball
1-0: Ball
2-0: Ball
3-0: Called Strike
3-1: Base on Balls
Batting: LHB Lorenzo Villa 0-0: Ground out U3 (Groundball, 3S)
Mario García to second
Batting: LHB Keng-chi Lao 0-0: Ball
1-0: Ground out 5-3 (Groundball, 56)
Bottom of the 4th over - 0 run(s), 0 hit(s), 0 error(s), 1 left on base; Hendersonville 3 - Baffin Island 2
TOP OF THE 5TH
Hendersonville Hitmen batting - Pitching for Baffin Island Beavers : RHP Robert Reeves
Batting: RHB Felipe Rivera 0-0: Hit by Pitch
Batting: RHB Manolo Román 0-0: Ball
1-0: Ball
2-0: Foul Ball, location: 2F
2-1: Swinging Strike
2-2: Ball
3-2: Strikes out swinging
Batting: LHB Tony Abete 0-0: Called Strike
0-1: Called Strike
0-2: Foul Ball, location: 2F
0-2: Strikes out looking
Batting: SHB Tony López 0-0: Called Strike
Felipe Rivera steals 2nd base
0-1: Ball
1-1: Ball
2-1: Foul Ball, location: 2F
2-2: Strikes out swinging
Top of the 5th over - 0 run(s), 0 hit(s), 0 error(s), 1 left on base; Hendersonville 3 - Baffin Island 2
BOTTOM OF THE 5TH
Baffin Island Beavers batting - Pitching for Hendersonville Hitmen : RHP Samuel Émond
Batting: RHB Mario López 0-0: Swinging Strike
0-1: Ball
1-1: Ball
2-1: Ball
3-1: Called Strike
3-2: Base on Balls
Batting: RHB Dexter Potter 0-0: Foul Ball, location: 2F
0-1: Ball
1-1: Foul Ball, location: 2F
1-2: Fly out, F7 (Line Drive, 7LD)
Batting: LHB Chris Bates 0-0: Ball
1-0: Foul Ball, location: 2F
1-1: Fly out, F4 (Popup, 4D)
Batting: LHB Jeff Cole 0-0: Called Strike
0-1: Ball
1-1: Foul Ball, location: 2F
1-2: Ball
Mario López steals 2nd base
2-2: DOUBLE (Line Drive, 8LM)
Mario López scores
Batting: SHB Alonso Ferreira 0-0: Swinging Strike
0-1: Ball
1-1: DOUBLE (Line Drive, 3D)
Jeff Cole scores
Batting: RHB Tony Morton 0-0: Ball
1-0: Ground out 4-3 (Groundball, 4)
Bottom of the 5th over - 2 run(s), 2 hit(s), 0 error(s), 1 left on base; Hendersonville 3 - Baffin Island 4
TOP OF THE 6TH
Hendersonville Hitmen batting - Pitching for Baffin Island Beavers : RHP Robert Reeves
Batting: LHB Jerry Johnston 0-0: Foul Ball, location: 2F
0-1: Foul Ball, location: 2F
0-2: Ball
1-2: Foul Ball, location: 2F
1-2: Strikes out swinging
Batting: LHB Enrique Nalasco 0-0: Ball
1-0: Swinging Strike
1-1: Foul Ball, location: 2F
1-2: Ball
2-2: Strikes out swinging
Batting: RHB Robert Buckley 0-0: Swinging Strike
0-1: Ball
1-1: Swinging Strike
1-2: Strikes out swinging
Top of the 6th over - 0 run(s), 0 hit(s), 0 error(s), 0 left on base; Hendersonville 3 - Baffin Island 4
BOTTOM OF THE 6TH
Baffin Island Beavers batting - Pitching for Hendersonville Hitmen : RHP Samuel Émond
Batting: LHB Mario García 0-0: Called Strike
0-1: Called Strike
0-2: Foul Ball, location: 2F
0-2: Ball
1-2: Foul Ball, location: 2F
1-2: Ball
2-2: Ground out 5-3 (Groundball, 56)
Batting: LHB Lorenzo Villa 0-0: Ball
1-0: Foul Ball, location: 2F
1-1: Ball
2-1: Ball
3-1: Ground out 4-3 (Groundball, 4)
Batting: LHB Keng-chi Lao 0-0: Foul Ball, location: 2F
0-1: Ground out U3 (Groundball, 3F)
Bottom of the 6th over - 0 run(s), 0 hit(s), 0 error(s), 0 left on base; Hendersonville 3 - Baffin Island 4
TOP OF THE 7TH
Hendersonville Hitmen batting - Pitching for Baffin Island Beavers : RHP Robert Reeves
Batting: RHB Taylor McFarland 0-0: Swinging Strike
0-1: Ball
1-1: Foul Ball, location: 2F
1-2: SINGLE (Line Drive, 4M)
Pitching: RHP Juan Gonzáles
Pinch Hitting: SHB David Johnstone 0-0: Called Strike
0-1: Bunted foul
0-2: Ball
1-2: TRIPLE (Line Drive, 8LM)
Taylor McFarland scores
Batting: RHB Felipe Rivera 0-0: Fly out, F9 (Flyball, 9M)
Batting: RHB Manolo Román 0-0: Ball
1-0: Called Strike
1-1: Swinging Strike
1-2: Foul Ball, location: 2F
1-2: Strikes out swinging
Pitching: LHP José Bamuelos
Batting: LHB Tony Abete 0-0: Ball
1-0: Called Strike
1-1: Fly out, F8 (Flyball, 8LM)
Top of the 7th over - 1 run(s), 2 hit(s), 0 error(s), 1 left on base; Hendersonville 4 - Baffin Island 4
BOTTOM OF THE 7TH
Baffin Island Beavers batting - Pitching for Hendersonville Hitmen : RHP Samuel Émond
Pitching: LHP Pedro Vega
Now at 1B: David Johnstone
Batting: RHB Mario López 0-0: Ball
1-0: Ground out 5-3 (Groundball, 5)
Batting: RHB Dexter Potter 0-0: Called Strike
0-1: Swinging Strike
0-2: DOUBLE (Line Drive, 9LM)
Pinch Runner at 2nd Victor Howard:
Batting: LHB Chris Bates 0-0: Intentional Walk
Batting: LHB Jeff Cole 0-0: Called Strike
0-1: Ball
1-1: Ball
2-1: Foul Ball, location: 2F
2-2: Ball
3-2: Fly out, F9 (Line Drive, 9LD)
Runner from 2nd tags up, SAFE at 3rd, no throw
Batting: SHB Alonso Ferreira 0-0: Ball
1-0: Called Strike
1-1: Ball
2-1: Foul Ball, location: 2F
2-2: Fielders Choice at 2nd, U6 (Groundball, 6M)
Bottom of the 7th over - 0 run(s), 1 hit(s), 0 error(s), 2 left on base; Hendersonville 4 - Baffin Island 4
TOP OF THE 8TH
Hendersonville Hitmen batting - Pitching for Baffin Island Beavers : LHP José Bamuelos
Now at C: Victor Howard
Pinch Hitting: RHB Eduardo García 0-0: Fly out, F7 (Flyball, 78XD)
Batting: LHB Jerry Johnston 0-0: Called Strike
0-1: Ball
1-1: Foul Ball, location: 2F
1-2: Ball
2-2: Foul Ball, location: 2F
2-2: Ground out 4-3 (Groundball, 4M)
Pitching: RHP Bartolo García
Batting: LHB Enrique Nalasco 0-0: Called Strike
0-1: Ball
1-1: Ball
2-1: Ground out 3-1 (Groundball, 34)
Top of the 8th over - 0 run(s), 0 hit(s), 0 error(s), 0 left on base; Hendersonville 4 - Baffin Island 4
BOTTOM OF THE 8TH
Baffin Island Beavers batting - Pitching for Hendersonville Hitmen : LHP Pedro Vega
Now in CF: Eduardo García
Batting: RHB Tony Morton 0-0: Called Strike
0-1: Foul Ball, location: 2F
0-2: SINGLE (Groundball, 56D)
Pinch Hitting: RHB José García 0-0: Ground out 4-3 (Groundball, 4M)
Tony Morton to second
Batting: LHB Lorenzo Villa 0-0: Ball
1-0: Ground out 4-3 (Groundball, 4M)
Tony Morton to third
Batting: LHB Keng-chi Lao 0-0: Fly out, F2 (Popup, 2LF)
Bottom of the 8th over - 0 run(s), 1 hit(s), 0 error(s), 1 left on base; Hendersonville 4 - Baffin Island 4
TOP OF THE 9TH
Hendersonville Hitmen batting - Pitching for Baffin Island Beavers : RHP Bartolo García
Pitching: LHP Manny Sandoval
Now in RF: José García
Batting: RHB Robert Buckley 0-0: Ball
1-0: SOLO HOME RUN (Flyball, 78D), Distance : 464 ft
Batting: RHB Taylor McFarland 0-0: Called Strike
0-1: Ball
1-1: Foul Ball, location: 2F
1-2: Ground out 1-3 (Groundball, 25)
Batting: SHB David Johnstone 0-0: Ground out 6-3 (Groundball, 6)
Batting: RHB Felipe Rivera 0-0: Called Strike
0-1: Ball
1-1: Ball
2-1: Called Strike
2-2: Fly out, F9 (Flyball, 89D)
Top of the 9th over - 1 run(s), 1 hit(s), 0 error(s), 0 left on base; Hendersonville 5 - Baffin Island 4
BOTTOM OF THE 9TH
Baffin Island Beavers batting - Pitching for Hendersonville Hitmen : LHP Pedro Vega
Pitching: RHP Robinson Gonzáles
Pinch Hitting: LHB José Berroa 0-0: Ball
1-0: Ground out 4-3 (Groundball, 4M)
Batting: LHB Victor Howard 0-0: Ball
1-0: SINGLE (Line Drive, 56D)
Batting: LHB Chris Bates 0-0: Ball
1-0: Called Strike
1-1: Foul Ball, location: 2F
1-2: Ball
2-2: Grounds into double play, 4-6-3 (Groundball, 4)
Bottom of the 9th over - 0 run(s), 1 hit(s), 0 error(s), 0 left on base; Hendersonville 5 - Baffin Island 4
This league is powered by Out of the Park Baseball, the baseball management simulation game for PC, Mac and Linux
Tuesday, August 2nd, 2016 - OOTP Baseball 16.8 Build 38